 Dungeon Crawl Stone Soup version 0.29-a0-25-g7f48f510a0 (webtiles) character file.

Game seed: 10017705507611103370

29 Bosse the Skirmisher (level 3, -7/30 HPs)
             Began as a Demonspawn Abyssal Knight on Jan 31, 2022.
             Was a Follower of Lugonu.
             Mangled by an ogre (11 damage)
             ... on level 2 of the Dungeon.
             The game lasted 00:02:44 (1013 turns).

Bosse the Skirmisher (Demonspawn Abyssal Knight)    Turns: 1013, Time: 00:02:45

Health: -7/30      AC:  5    Str: 15    XL:     3   Next: 1%
Magic:  5/5        EV: 15    Int: 11    God:    Lugonu [*.....]
Gold:   47         SH:  0    Dex: 13    Spells: 2/2 levels left

rFire   . . .      SeeInvis .   a - +1 hand axe
rCold   . . .      Faith    .   (no shield)
rNeg    . . .      Spirit   .   b - +0 leather armour
rPois   .          Reflect  .   (no helmet)
rElec   .          Harm     .   (no cloak)
rCorr   .          Rampage  .   (no gloves)
Will    .....                   (no boots)
Stlth   +.........              (no amulet)
HPRegen 0.10/turn               e - +4 ring of evasion
MPRegen 0.09/turn               (no ring)

@: no status effects
A: slimy green scales 1, demonic touch 1
a: Renounce Religion, Depart the Abyss


You were on level 2 of the Dungeon.
You worshipped Lugonu.
Lugonu was aware of your devotion.
You visited 1 branch of the dungeon, and saw 2 of its levels.
You visited the Abyss 1 time.

You collected 47 gold pieces.

Inventory:

Hand Weapons
 a - a +1 hand axe (weapon)
Armour
 b - a +0 leather armour (worn)
Jewellery
 c - an amulet of magic regeneration
 e - a +4 ring of evasion (left hand)


   Skills:
 + Level 3.7 Fighting
 + Level 2.1 Axes
 + Level 1.8 Armour
 + Level 1.1 Dodging
 + Level 2.7 Invocations


You had 2 spell levels left.
You didn't know any spells.
Your spell library was empty.

Dungeon Overview and Level Annotations

Branches:
Dungeon (1/15)

Altars:


Innate Abilities, Weirdness & Mutations

You are partially covered in slimy green scales. (AC +2)
Your touch may inflict minor irresistible damage on your foes.


Message History

The adder moves out of view.
You open the large door.
Found a dented silver amulet and 3 poisoned darts.
There is a large open door here.
A goblin comes into view. It is wielding a +0 club.
The goblin shouts!
You close the large door.
You see here an amulet of magic regeneration.
c - an amulet of magic regeneration Something unseen breaks down the large door.
The goblin closely misses you. The adder barely misses you.
You slash the goblin!
You kill the goblin!
Lugonu accepts your kill.
You miss the adder. The adder misses you. The adder closely misses you.
You have reached level 3!
Your experience leads to an increase in your attributes!
Increase (S)trength, (I)ntelligence, or (D)exterity?
You feel stronger. x2; Your demonic ancestry asserts itself...
Slimy green scales grow over part of your body.
You hit the ogre. Your touch misses the ogre.
The ogre is lightly wounded.
You hit the adder.
The ogre hits you with a +0 giant club!!
Ouch! That really hurt!
The adder bites you but does no damage.
You hit the ogre but do no damage.
The ogre is lightly wounded.
You closely miss the adder. The adder bites you.
* * * LOW HITPOINT WARNING * * *
The ogre barely misses you. The adder bites you but does no damage.
You barely miss the ogre. Your touch misses the ogre.
The ogre is lightly wounded.
You hit the adder. The ogre closely misses you. The adder bites you.
* * * LOW HITPOINT WARNING * * *
You hit the ogre.
The ogre is moderately wounded.
You closely miss the adder. The adder barely misses you.
The ogre hits you with a +0 giant club!
You die...

*,**,* *,,,,**≈≈≈,,≈≈≈*
*,*#.* *##,***≈≈≈≈,,≈≈≈≈
*,*#.**#..,##≈≈≈≈≈..≈≈≈≈
*,**..*#.###≈≈≈≈≈≈..≈≈≈≈
*,**#.*#.##≈≈≈≈≈≈≈..≈≈≈≈
*,* #.##.#≈≈≈≈≈≈≈≈..≈≈≈≈
*>* #....#≈≈≈≈≈≈≈≈..≈≈≈≈
*,***#.)(#≈≈≈≈≈≈≈♣..♣≈≈≈
*,,,**#@O'........♣*,,,,
***,* #.S'........♣*,,,,
*,* #..#≈≈≈≈≈≈≈♣.S♣≈≈≈
*,* #..#≈≈≈≈≈≈≈≈.(≈≈≈≈
*,* #..#≈≈≈≈≈≈≈≈..≈≈≈≈
*,* #..##≈≈≈≈≈≈≈..≈≈≈≈
*,**#...##≈≈≈≈≈≈..≈≈≈≈
*,,,#...###≈≈≈≈≈..≈≈≈≈
***,##### ##≈≈≈≈..≈≈≈≈


You could see an ogre and an adder.

Vanquished Creatures
  A dart slug (D:1)
  2 endoplasms
  A giant cockroach (D:1)
  3 goblins
  A hobgoblin (D:1)
  2 jackals (D:1)
  4 kobolds (D:1)
  3 ball pythons
  3 bats (D:1)
  3 frilled lizards (D:1)
  3 rats (D:1)
26 creatures vanquished.

Notes
Turn   | Place    | Note
-------+----------+-------------------------------------------
     0 | Abyss:1  | Bosse the Demonspawn Abyssal Knight began the quest for the
                  | Orb.
     0 | Abyss:1  | Reached XP level 1. HP: 18/18 MP: 2/2
     0 | D:1      | Escaped the Abyss
    81 | D:1      | Reached * piety under Lugonu
    83 | D:1      | Gained mutation: Your touch may inflict minor irresistible
                  | damage on your foes. [demonic ancestry]
    83 | D:1      | Reached XP level 2. HP: 4/24 MP: 3/3
    83 | D:1      | HP: 1/24 [kobold (1)]
   560 | D:1      | Reached skill level 1 in Dodging
   881 | D:1      | Found a faded altar of an unknown god.
   966 | D:1      | You fall into a shaft and drop 1 floor!
   997 | D:2      | Noticed an ogre
  1010 | D:2      | Gained mutation: You are partially covered in slimy green
                  | scales. (AC +2) [demonic ancestry]
  1010 | D:2      | Reached XP level 3. HP: 30/30 MP: 5/5
  1013 | D:2      | Mangled by an ogre

Illustrated notes

Levels and vault maps discovered:
D:1:      scummos_arrival_checkerplants, layout_rooms,
          hellmonk_ecumenical_altar_leap_of_faith
D:2:      kennysheep_big_flooded_room, layout_rooms, basic_altar

Skill      XL: |  1  2 |
---------------+-------+-----
Axes           | 2 |  2.1
Dodging        | 1 |  1.1
Fighting       | |  3.7
Armour         | |  1.8
Invocations    | |  2.7

Action                   || total
-------------------------++-------
Melee: Hand axe          ||    57
       Touch             ||     3
Invok: Depart the Abyss  ||     1
  Use: Scroll            ||     2
Armor: Leather armour    ||    12
Dodge: Dodged            ||    56

Table legend: (Time is in decaauts)
 A = Elapsed time spent in this place.
 B = Non-inter-level travel time spent in this place.
 C = Inter-level travel time spent in this place.
 D = Time resting spent in this place.
 E = Time spent auto-exploring this place.
 F = Levels seen in this place.
 G = Mean time per level.
                   A        B        C        D        E       F      G
               +--------+--------+--------+--------+--------+-----+--------+
         Total |   1023 |   1023 |      0 |    329 |    488 |   3 |  341.0 |
       Dungeon |   1023 |   1023 |      0 |    329 |    488 |   2 |  511.5 |
         Abyss |      0 |      0 |      0 |      0 |      0 |   1 |    0.0 |
               +--------+--------+--------+--------+--------+-----+--------+

Top non-repeatable levels by time:
     D:1: 975 daAuts
     D:2: 48 daAuts
